 Dungeon Crawl Stone Soup version 0.32-a0-870-g877066f4b4 (webtiles) character file.

Game seed: 9260808511081400956

15927 WasteTime99 the Cleaver (level 12, -3/108 HPs)
             Began as a Mountain Dwarf Fighter on Mar 29, 2024.
             Was an Elder of Cheibriados.
             Slain by a yak (10 damage)
             ... on level 1 of the Lair of Beasts.
             The game lasted 00:21:15 (11845 turns).

WasteTime99 the Cleaver (Mountain Dwarf Fighter)   Turns: 11845, Time: 00:21:16

Health: -3/108     AC: 18    Str: 29    XL:     12   Next: 5%
Magic:  5/18       EV:  9    Int: 20    God:    Cheibriados [****..]
Gold:   475        SH:  5    Dex: 20    Spells: 8/15 levels left

rFire   . . .        E - +2 hand axe (freeze)
rCold   + . .        c - +0 buckler
rNeg    + . .        k - +4 ring mail
rPois   .            o - +0 hat of Feluqysk {rN+ Will++ Str-2 Int+2}
rElec   .            s - +0 cloak
rCorr   .            w - +0 pair of gloves
SInv    .            j - +0 pair of boots
Will    ++++.        b - amulet of faith
Stlth   +            D - +4 ring of protection
HPRegen 0.38/turn    J - ring of wizardry
MPRegen 0.16/turn

%: faith, wizardry (x1)
@: brilliant, on berserk cooldown, enlightened, flying, hasted and slowed,
invisible, very slow
A: runic magic, artefact enchanting, talons 1, cold resistance 1, wild magic 1,
sturdy frame 1
a: Renounce Religion, Bend Time, Temporal Distortion, Slouch


You were on level 1 of the Lair of Beasts.
You worshipped Cheibriados.
Cheibriados was greatly pleased with you.
You visited 3 branches of the dungeon, and saw 12 of its levels.

You collected 797 gold pieces.
You spent 322 gold pieces at shops.

Inventory:

Hand Weapons
 a - a +0 war axe
 d - a +2 flail of protection
 E - a +2 hand axe of freezing (weapon)
Missiles
 f - 3 javelins (quivered)
 Q - 2 curare-tipped darts
 R - 39 poisoned darts
Armour
 c - a +0 buckler (worn)
 j - a +0 pair of boots (worn)
 k - a +4 ring mail (worn)
 o - the +0 hat of Feluqysk (worn) {rN+ Will++ Str-2 Int+2}
   (You found it on level 7 of the Dungeon)

   Str-2:     It affects your strength (-2).
   Int+2:     It affects your intelligence (+2).
   rN+:       It protects you from negative energy.
   Will++:    It greatly increases your willpower.
 p - a +0 pair of gloves
 s - a +0 cloak (worn)
 w - a +0 pair of gloves (worn)
 F - +0 acid dragon scales
 K - +0 steam dragon scales
 U - a +0 hat of willpower
 W - +0 acid dragon scales
Jewellery
 b - an amulet of faith (around neck)
 D - a +4 ring of protection (left hand)
 J - a ring of wizardry (right hand)
 S - an amulet of regeneration
Talismans
 V - a beast talisman
Wands
 y - a wand of digging (1)
 G - a wand of roots (24)
 I - a wand of flame (15)
 L - a wand of polymorph (10)
 O - a wand of charming (3)
Scrolls
 e - 2 scrolls of revelation
 g - 3 scrolls of enchant weapon
 h - 2 scrolls of noise
 m - a scroll of amnesia
 n - 3 scrolls of fog
 q - 4 scrolls of poison
 r - 2 scrolls of blinking {unknown}
 t - a scroll of brand weapon {unknown}
 v - 4 scrolls of teleportation {unknown}
 M - 2 scrolls of enchant armour {unknown}
 N - a scroll of torment {unknown}
Potions
 l - a potion of invisibility
 u - a potion of haste
 x - 2 potions of enlightenment
 z - 2 potions of degeneration {unknown}
 A - 2 potions of berserk rage
 C - 2 potions of heal wounds {unknown}
 H - 2 potions of mutation
 T - a potion of attraction {unknown}
 X - 2 potions of lignification {unknown}


   Skills:
 + Level 10.7 Fighting
 - Level 14.0 Axes
 - Level 3.0 Throwing
 + Level 7.4 Armour
 - Level 3.2 Shields
 - Level 2.0 Spellcasting
 - Level 3.0 Necromancy
 - Level 3.0 Translocations
 - Level 9.0 Invocations
 - Level 7.0 Evocations


You had 8 spell levels left.
You knew the following spells:

 Your Spells              Type           Power      Damage    Failure   Level
a - Blink                 Tloc           54%        N/A       5%          2
b - Borgnjor's Vile Clut  Necr/Erth      7%         N/A       75%         5

Your spell library contained the following spells:

 Spells                   Type           Power      Damage    Failure   Level
 Lesser Beckoning         Tloc           54%        N/A       5%          2
 Momentum Strike          Conj/Tloc      30%        3d8       9%          2
 Dispel Undead            Necr           27%        3d13      26%         4
 Frozen Ramparts          Ice            6%         1d1       28%         3
 Ozocubu's Armour         Ice            3%         N/A       28%         3
 Metabolic Englaciation   Hex/Ice        1%         N/A       90%         5
 Death's Door             Necr           13%        N/A       100%        9


Dungeon Overview and Level Annotations

Branches:
Dungeon (10/15)            Temple (1/1) D:5            Lair (1/5) D:8
    Orc: D:9-12

Altars:
Ashenzari
Cheibriados
Dithmenos
Elyvilon
Fedhas
Gozag
Hepliaklqana
Kikubaaqudgha
Makhleb
Nemelex Xobeh
Okawaru
Qazlal
Ru
Sif Muna
Trog
Uskayaw
Vehumet
Wu Jian
Xom
Yredelemnul
Zin
The Shining One

Shops:
D:6 *


Innate Abilities, Weirdness & Mutations

Your spellcasting is much less encumbered by armour.
You can use scrolls of enchantment on lesser artefacts.
You have sharp toenails.
Your flesh is cold resistant. (rC+)
Your spells are a little harder to cast, but a little more powerful.
Your movements are slightly less encumbered by armour. (ER -2)


Message History

The yak gores you.
* * * LOW HITPOINT WARNING * * *
You block the yak's attack.
It was a potion of invisibility.
You fade into invisibility!
The yak gores you but does no damage.
Aiming: Quicksilver Bolt
Press: ? - help, Shift-Dir - straight line, f - yak
Aim: a yak (unable to see you, 84% to hit)
The bolt of dispelling energy hits the yak!!
You kill the yak!
Cheibriados appreciates the change of pace.
The bolt of dispelling energy hits the yak!!
You kill the yak!
Cheibriados appreciates the change of pace.
The bolt of dispelling energy hits the yak!!
The yak is heavily wounded.
The now-empty wand crumbles to dust.
Aiming: Throw Flame
Press: ? - help, Shift-Dir - straight line, f - yak
Aim: a yak (unable to see you, 84% to hit)
The puff of flame hits the yak but does no damage.
The yak barely misses you. The yak closely misses you.
Aiming: Throw Flame
Press: ? - help, Shift-Dir - straight line, f/p - yak
Aim: a yak (unable to see you, 84% to hit)
The puff of flame hits the yak!
The yak is moderately wounded.
The yak gores you!
* * * LOW HITPOINT WARNING * * *
It was a potion of haste.
You feel yourself speed up.
Cheibriados forgives your accidental hurry, just this once.
The yak gores you but does no damage. The yak closely misses you.
It was a potion of brilliance.
You feel clever all of a sudden. The yak gores you.
* * * LOW HITPOINT WARNING * * *
You feel better. The yak gores you!
You die...
Cheibriados appreciates the motionlessness of death.

#....#######...##...
#.....#.##.....#....
####...................
#####.........##...##......
#######.##..........##..###......
......#....†.....Y.....## ##.....
.......#.#.#.#.Y.###..## #.....
[............>#Y## #...# ......
.......#.#.#.###@# ##.... ....P#
..............#### #.........###
.......#.#.#.## ###....#
.....P........# .....
.....###.#.#.## ..... .....#
####.# .....P# .......# ....#...


You could see 2 yaks.

Vanquished Creatures
  Gastronok (D:8)
  Erolcha (D:10)
  A hydra (D:10)
  An ogre mage (D:10)
  3 two-headed ogres
  Maurice (D:8)
  An elephant (D:8)
  Maggie (D:6)
  A cane toad (Lair:1)
  Prince Ribbit (D:6)
  2 trolls
  A spriggan (D:7)
  19 yaks
  3 wyverns
  A basilisk (D:10)
  Grum (D:8)
  3 steam dragons
  2 water moccasins (Lair:1)
  Edmund (D:4)
  3 acid dragons
  5 orc warriors
  A sky beast (D:7)
  A black bear (D:7)
  2 ogres (D:6)
  2 wolves
  3 centaurs
  2 phantoms (D:5)
  6 kobold brigands
  5 bullfrogs
  5 scorpions
  12 wights
  11 killer bees
  2 howler monkeys (D:9)
  A bombardier beetle (D:5)
  A gnoll bouda (D:3)
  4 hounds
  7 orc priests
  3 jellies
  Crazy Yiuf (D:7)
  2 sleepcaps
  2 iguanas (D:6)
  11 orc wizards
  8 gnolls
  5 adders
  5 white imps
  4 ufetubi (D:8)
  A dart slug (D:5)
  4 ribbon worms
  27 orcs
  8 ball pythons
  3 endoplasms
  4 goblins
  2 hobgoblins
  6 jackals
  24 kobolds
  A quokka (D:5)
  6 bats
  A frilled lizard (D:1)
  6 rats
252 creatures vanquished.

Notes
Turn   | Place    | Note
-------+----------+-------------------------------------------
     0 | D:1      | WasteTime99 the Mountain Dwarf Fighter began the quest for
                  | the Orb.
     0 | D:1      | Reached XP level 1. HP: 19/19 MP: 1/1
    85 | D:1      | Reached skill level 3 in Axes
   116 | D:1      | Reached XP level 2. HP: 22/26 MP: 2/2
   557 | D:1      | Reached skill level 4 in Axes
   557 | D:1      | Reached XP level 3. HP: 11/31 MP: 3/3
   799 | D:2      | Found a hide-covered altar of Uskayaw.
  1025 | D:2      | Found a faded altar of an unknown god.
  1355 | D:2      | Reached skill level 5 in Axes
  1427 | D:3      | Reached XP level 4. HP: 31/38 MP: 4/4
  1495 | D:3      | Reached skill level 6 in Axes
  1884 | D:3      | Reached XP level 5. HP: 43/45 MP: 5/5
  2110 | D:4      | Found a glowing silver altar of Zin.
  2255 | D:4      | Found an opulent altar of Gozag.
  2290 | D:4      | Reached skill level 7 in Axes
  2566 | D:5      | Entered Level 5 of the Dungeon
  2566 | D:5      | Noticed a phantom
  2635 | D:5      | Noticed Edmund
  2659 | D:4      | Killed Edmund
  2660 | D:4      | Reached skill level 8 in Axes
  2660 | D:4      | Reached XP level 6. HP: 33/51 MP: 6/6
  2910 | D:5      | Reached skill level 9 in Axes
  2993 | D:5      | Reached XP level 7. HP: 42/57 MP: 7/7
  3207 | D:5      | Reached skill level 10 in Axes
  3295 | D:5      | Found a staircase to the Ecumenical Temple.
  3821 | Temple   | Entered the Ecumenical Temple
  3876 | Temple   | Became a worshipper of Cheibriados the Contemplative
  3986 | D:6      | Reached skill level 11 in Axes
  4020 | D:6      | Reached XP level 8. HP: 58/63 MP: 8/8
  4045 | D:6      | Noticed Maggie
  4054 | D:6      | Reached * piety under Cheibriados
  4269 | D:7      | Reached skill level 12 in Axes
  4503 | D:7      | Got the Cyclopedia of the Wasp
  4853 | D:7      | Found a runed translucent door.
  4854 | D:7      | Noticed Crazy Yiuf
  4943 | D:7      | Reached skill level 5 in Armour
  4949 | D:7      | Reached skill level 13 in Axes
  5213 | D:5      | Reached ** piety under Cheibriados
  5352 | D:5      | Reached XP level 9. HP: 39/65 MP: 9/9
  5479 | D:6      | Killed Maggie
  5480 | D:6      | Reached skill level 14 in Axes
  5627 | D:6      | Found Qeh Kae's General Store.
  5653 | D:6      | Reached skill level 1 in Invocations
  5777 | D:6      | Noticed Prince Ribbit
  5796 | D:6      | Killed Prince Ribbit
  5797 | D:6      | Reached skill level 5 in Fighting
  6287 | D:6      | Learned a level 2 spell: Blink
  6356 | D:6      | Bought a scroll of identify for 28 gold pieces
  6356 | D:6      | Bought a wand of quicksilver (5) for 294 gold pieces
  6668 | D:7      | Reached skill level 1 in Translocations
  6671 | D:7      | Identified the +0 hat of Feluqysk {rN+ Will++ Str-2 Int+2}
  6780 | D:7      | Reached *** piety under Cheibriados
  6940 | D:7      | Killed Crazy Yiuf
  7000 | D:8      | Noticed an elephant
  7103 | D:8      | Killed an elephant
  7104 | D:8      | Reached skill level 1 in Spellcasting
  7104 | D:8      | Reached XP level 10. HP: 64/86 MP: 12/12
  7179 | D:8      | Noticed Grum
  7416 | D:8      | Killed Grum
  7557 | D:8      | Reached skill level 1 in Evocations
  7559 | D:8      | Reached **** piety under Cheibriados
  7713 | D:8      | Reached skill level 5 in Invocations
  8066 | D:8      | Noticed Maurice
  8081 | D:8      | Killed Maurice
  8208 | D:8      | Noticed Gastronok
  8230 | D:8      | Killed Gastronok
  8231 | D:8      | Reached skill level 5 in Evocations
  8231 | D:8      | Reached XP level 11. HP: 97/97 MP: 14/16
  8348 | D:8      | Found a staircase to the Lair.
  8406 | D:8      | Reached ***** piety under Cheibriados
  8717 | D:8      | Reached skill level 1 in Throwing
  8820 | D:9      | Noticed a two-headed ogre
  8840 | D:9      | Killed a two-headed ogre
  9691 | D:10     | Entered Level 10 of the Dungeon
  9732 | D:10     | Noticed a four-headed hydra
  9742 | D:10     | Killed a four-headed hydra
  9963 | D:10     | Noticed Erolcha
  9967 | D:10     | Killed Erolcha
 10492 | D:10     | Noticed a two-headed ogre
 10492 | D:10     | Noticed a two-headed ogre
 10976 | D:10     | Killed a two-headed ogre
 10977 | D:10     | Reached skill level 10 in Fighting
 11206 | D:10     | Learned a level 5 spell: Borgnjor's Vile Clutch
 11355 | D:10     | Noticed an ogre mage
 11362 | D:10     | Killed an ogre mage
 11363 | D:10     | Reached skill level 1 in Necromancy
 11574 | D:10     | Killed a two-headed ogre
 11641 | Lair:1   | Entered Level 1 of the Lair of Beasts
 11707 | Lair:1   | Reached XP level 12. HP: 108/108 MP: 18/18
 11838 | Lair:1   | Gained mutation: You have sharp toenails. [potion of
                  | mutation]
 11838 | Lair:1   | Gained mutation: Your spells are a little harder to cast,
                  | but a little more powerful. [potion of mutation]
 11838 | Lair:1   | Gained mutation: Your flesh is cold resistant. (rC+)
                  | [potion of mutation]
 11838 | Lair:1   | Gained mutation: Your movements are slightly less
                  | encumbered by armour. (ER -2) [potion of mutation]
 11844 | Lair:1   | HP: 2/108 [yak (5)]
 11845 | Lair:1   | Slain by a yak

Illustrated notes

Levels and vault maps discovered:
D:1:      dpeg_arrival_renting, layout_rooms, st_stairs_13
D:2:      layout_basic, basic_altar, shapermc_ecumenical_altar_gd
D:3:      layout_basic, nicolae_grassy_gnolls
D:4:      layout_basic, pdpol_temple_overflow_zin_treasury_gozag_greed,
          serial_curves, eino_curves_03, eino_curves_01, eino_curves_04
D:5:      layout_cave_pods, temple_pool_b, uniq_edmund
D:6:      layout_rooms, serial_shops, nicolae_inconvenience_store,
          serial_corexii_hall, corexii_hall_statues_l, corexii_hall_statues_i,
          uniq_prince_ribbit1, uniq_maggie
D:7:      layout_basic, the_hattery, uniq_crazy_yiuf_cottage
D:8:      layout_basic, grunt_lair_entry_orc_guard_hut, serial_demonic,
          serial_demonic_g, serial_demonic_g, serial_demonic_e,
          serial_demonic_c, serial_demonic_a, serial_demonic_g, uniq_maurice,
          uniq_grum, uniq_gastronok
D:9:      gammafunk_indiana_jones, layout_loops_ring, corexii_corridor_pit,
          hangedman_decor_lopped
D:10:     wad_arrow_thing, layout_irregular_city, uniq_erolcha
Temple:   nicolae_temple_slightly_damp_pantheon
Lair:1:   dreamdust_cave_troll, layout_cave_pods, st_stairs_8,
          nicolae_lair_lil_pond, roderic_batcave

Skill      XL: |  1  2  3  4  5  6  7  8  9 10 11 12 |
---------------+-------------------------------------+-----
Axes           | 3 4 5 6 8 9 11 13 14 | 14.0
Armour         | 5 7 |  7.4
Fighting       | 7 9 10 | 10.7
Invocations    | 3 7 9 |  9.0
Translocations | 3 |  3.0
Spellcasting   | 1 2 |  2.0
Evocations     | 5 7 |  7.0
Throwing       | 3 |  3.0
Necromancy     | 2 3 |  3.0
Shields        | |  3.2

Action                     |  1- 3 |  4- 6 |  7- 9 | 10-12 || total
---------------------------+-------+-------+-------+-------++-------
  Melee: War axe           |   109 |   135 |    55 |       ||   299
         Hand axe          |       |       |   330 |   458 ||   788
   Cast: Blink             |       |       |       |     2 ||     2
 Invoke: Step From Time    |       |       |       |     2 ||     2
         Slouch            |       |       |       |     2 ||     2
  Evoke: Wand              |       |       |     1 |    13 ||    14
    Use: Potion            |       |     1 |     2 |    10 ||    13
         Scroll            |       |       |     3 |     3 ||     6
 Armour: Scale mail        |    52 |       |       |       ||    52
         Ring mail         |    79 |    91 |   247 |   353 ||   770
         Skin              |       |       |    10 |       ||    10
  Dodge: Dodged            |    57 |    61 |   150 |   192 ||   460
  Block: Buckler           |    34 |    25 |    75 |   106 ||   240

Table legend: (Time is in decaauts)
 A = Elapsed time spent in this place.
 B = Non-inter-level travel time spent in this place.
 C = Inter-level travel time spent in this place.
 D = Time resting spent in this place.
 E = Time spent auto-exploring this place.
 F = Levels seen in this place.
 G = Mean time per level.
                   A        B        C        D        E       F      G
               +--------+--------+--------+--------+--------+-----+--------+
         Total |  13942 |  13324 |    618 |   1767 |   9304 |  12 | 1161.8 |
       Dungeon |  13615 |  13076 |    539 |   1767 |   9156 |  10 | 1361.5 |
        Temple |     79 |      2 |     77 |      0 |      0 |   1 |   79.0 |
          Lair |    247 |    247 |      0 |      0 |    148 |   1 |  247.0 |
               +--------+--------+--------+--------+--------+-----+--------+

Top non-repeatable levels by time:
     D:7: 2392 daAuts
    D:10: 2210 daAuts
     D:8: 1766 daAuts
     D:9: 1596 daAuts
     D:6: 1500 daAuts
     D:5: 1420 daAuts
     D:3: 736 daAuts
     D:1: 714 daAuts
     D:4: 657 daAuts
     D:2: 619 daAuts
  Lair:1: 247 daAuts
  Temple: 79 daAuts
